 Dungeon Crawl Stone Soup version 0.28.0-53-g5a82cb258f (webtiles) character file.

Game seed: 7713270123313530233

16 Sin92 the Skirmisher (level 2, -1/24 HPs)
             Began as a Demonspawn Fighter on July 3, 2022.
             Slain by a hound (2 damage)
             ... on level 2 of the Dungeon.
             The game lasted 00:02:35 (334 turns).

Sin92 the Skirmisher (Demonspawn Fighter)            Turns: 334, Time: 00:02:36

Health: -1/24      AC:  6    Str: 16    XL:     2   Next: 41%
Magic:  2/2        EV:  8    Int:  9    God:
Gold:   10         SH:  4    Dex: 12    Spells: 1/1 levels left

rFire   . . .      SeeInvis .   a - +0 war axe
rCold   . . .      Faith    .   c - +0 buckler
rNeg    . . .      Spirit   .   b - +0 scale mail
rPois   .          Reflect  .   (no helmet)
rElec   .          Harm     .   (no cloak)
rCorr   .          Rampage  .   (no gloves)
Will    .....                   (no boots)
Stlth   ..........              (no amulet)
HPRegen 0.08/turn               (no ring)
MPRegen 0.08/turn               (no ring)

@: mighty
A: powered by pain 1
a: no special abilities


You were on level 2 of the Dungeon.
You visited 1 branch of the dungeon, and saw 2 of its levels.

You collected 10 gold pieces.

Inventory:

Hand Weapons
 a - a +0 war axe (weapon)
Armour
 b - a +0 scale mail (worn)
 c - a +0 buckler (worn)
Scrolls
 e - a scroll of identify {unknown}
 g - a scroll of blinking {unknown}
Potions
 f - a potion of haste {unknown}


   Skills:
 + Level 3.1 Fighting
 + Level 2.1(2.2) Axes
 + Level 0.2(1.3) Polearms
 + Level 2.8 Armour
 + Level 2.8 Shields


You had one spell level left.
You didn't know any spells.
Your spell library was empty.

Dungeon Overview and Level Annotations

Branches:
Dungeon (1/15)

Altars:

Shops:
D:1 ([


Innate Abilities, Weirdness & Mutations

You sometimes gain a little power by taking damage.


Message History

You see here a +0 spear.
An endoplasm comes into view.
The endoplasm quivers.
The endoplasm freezes you.
You are frozen.
You hit the endoplasm.
The endoplasm is severely wounded.
You block the endoplasm's attack.
You hit the endoplasm.
You kill the endoplasm!
A hound comes into view.
The hound barks!
The hound bites you but does no damage.
You barely miss the hound. The hound bites you but does no damage.
The hound bites you. The hound bites you but does no damage.
You closely miss the hound. You block the hound's attack. The hound bites you.
You hit the hound.
The hound is moderately wounded.
The hound bites you but does no damage. The hound bites you.
You closely miss the hound.
The hound is moderately wounded.
The hound bites you. x2
You barely miss the hound.
The hound is moderately wounded.
The hound bites you. The hound barely misses you.
You closely miss the hound.
The hound is moderately wounded.
The hound bites you.
* * * LOW HITPOINT WARNING * * *
The hound bites you but does no damage.
You feel very mighty all of a sudden. The hound bites you but does no damage.
The hound bites you.
* * * LOW HITPOINT WARNING * * *
You barely miss the hound.
The hound is moderately wounded.
The hound bites you but does no damage. You block the hound's attack.
You barely miss the hound.
The hound is moderately wounded.
The hound closely misses you. The hound bites you.
You die...

###############
#..........)..#
#.#####.#####.####
##.....@h..#
#.#####.##.# #.# #
#.# #.# #.# ...
...


You could see a hound.

Vanquished Creatures
  A dart slug (D:1)
  2 endoplasms
  A giant cockroach (D:1)
  A goblin (D:1)
  A hobgoblin (D:1)
  4 frilled lizards (D:1)
  2 kobolds (D:1)
  4 rats (D:1)
16 creatures vanquished.

Notes
Turn   | Place    | Note
-------+----------+-------------------------------------------
     0 | D:1      | Sin92 the Demonspawn Fighter began the quest for the Orb.
     0 | D:1      | Reached XP level 1. HP: 18/18 MP: 1/1
    90 | D:1      | Gained mutation: You sometimes gain a little power by
                  | taking damage. [demonic ancestry]
    90 | D:1      | Reached XP level 2. HP: 23/24 MP: 2/2
    95 | D:1      | Found Qerhat's Antique Weapon Emporium.
   168 | D:1      | Found Tesuin's Armour Shop.
   312 | D:1      | You fall into a shaft and drop 1 floor!
   332 | D:2      | HP: 1/24 [hound (2)]
   334 | D:2      | Slain by a hound

Illustrated notes

Levels and vault maps discovered:
D:1:      giann_bridges, layout_loops_corners,
          nicolae_ecumenical_snake_handling, serial_shops, nicolae_shop_stone,
          shop, shop, shop
D:2:      layout_loops_ring, serial_aquarium, aquarium_bridge_long_separate
          [aquarium_subvault_bridge, aquarium_subvault_balcony,
          aquarium_subvault_window, aquarium_subvault_bridge,
          aquarium_subvault_wall, aquarium_subvault_balcony],
          aquarium_bridge_square [aquarium_subvault_bridge,
          aquarium_subvault_window, aquarium_subvault_bridge,
          aquarium_subvault_wall], aquarium_window_corner, aquarium_window_2,
          aquarium_window_fake, aquarium_window_2, aquarium_view_2e,
          aquarium_balcony_3b

Skill      XL: |  1 |
---------------+----+-----
Axes           | 2 |  2.1
Fighting       | |  3.1
Polearms       | |  0.2
Armour         | |  2.8
Shields        | |  2.8

Action                   || total
-------------------------++-------
Melee: War axe           ||    49
  Use: Potion            ||     1
Armor: Scale mail        ||    27
Dodge: Dodged            ||    18
Block: Buckler           ||     8
